 Dungeon Crawl Stone Soup version 0.29.1-1-gd02db6906a (webtiles) character file.

Game seed: 772751351188367938

4944 xian the Chopper (level 10, -1/68 HPs)
             Began as a Merfolk Ice Elementalist on Sept 23, 2022.
             Was a Priest of Hepliaklqana.
             Slain by an orc knight
             ... wielding a +0 halberd
              (31 damage)
             ... in a bailey.
             The game lasted 00:46:48 (9371 turns).

xian the Chopper (Merfolk Ice Elementalist)         Turns: 9371, Time: 00:46:48

Health: -1/68      AC: 12    Str: 13      XL:     10   Next: 52%
Magic:  7/15       EV: 14    Int: 16      God:    Hepliaklqana [***...]
Gold:   1510       SH:  0    Dex: 14 (15) Spells: 9/16 levels left

rFire   + + +      SeeInvis .   k - +8 hand axe of the Pariah {spect, Contam +Blink rF++ Str+2}
rCold   x . .      Faith    .   (no shield)
rNeg    . . .      Spirit   .   t - +0 fire dragon scales
rPois   .          Reflect  .   d - +0 helmet
rElec   .          Harm     .   (no cloak)
rCorr   .          Rampage  .   (no gloves)
Will    .....                   (no boots)
Stlth   ++........              (no amulet)
HPRegen 0.21/turn               j - +4 ring of evasion
MPRegen 0.14/turn               (no ring)

@: ice-armoured, freezing walls, hasted, very quick
A: reduced essence, (nimble swimmer 2), mertail, deterioration 1
a: Renounce Religion, Evoke Blink, Recall Ancestor, Ancestor Identity,
Transference


You were in a bailey.
You worshipped Hepliaklqana.
Hepliaklqana was most pleased with you.
You visited 1 branch of the dungeon, and saw 8 of its levels.
You also visited: Ossuary and Bailey.

You collected 1538 gold pieces.
You spent 28 gold pieces at shops.

Inventory:

Hand Weapons
 k - the +8 hand axe of the Pariah (weapon) {spect, Contam +Blink rF++ Str+2}
   (You found it on level 2 of the Dungeon)

   When its wielder attacks, the weapon's spirit leaps out and strikes again.
   The spirit shares a part of any damage it takes with its wielder.
   Str:       It affects your strength (+2).
   rF:        It greatly protects you from fire.
   +Blink:    It lets you blink.
   Contam:    It causes magical contamination when unequipped.
 n - a +0 vorpal sling
 q - the +4 sling of Gluttony {flame, Str+3}
   (You found it on level 5 of the Dungeon)

   Any ammunition fired from it burns those it strikes, dealing additional fire
   damage.
   Str:       It affects your strength (+3).
Missiles
 h - 10 poisoned darts (quivered)
 D - 6 atropa-tipped darts
Armour
 d - a +0 helmet (worn)
 t - +0 fire dragon scales (worn)
Jewellery
 j - a +4 ring of evasion (left hand)
Wands
 B - a wand of roots (3)
Scrolls
 c - 2 scrolls of vulnerability
 e - 2 scrolls of enchant armour {unknown}
 f - a scroll of torment {unknown}
 i - 4 scrolls of enchant weapon
 l - 8 scrolls of teleportation
 m - a scroll of immolation
 u - 2 scrolls of magic mapping
 w - a scroll of brand weapon {unknown}
 x - a scroll of summoning {unknown}
 y - a scroll of butterflies {unknown}
 A - a scroll of silence
 F - a scroll of fear {unknown}
Potions
 a - a potion of degeneration {unknown}
 b - 3 potions of magic
 g - 3 potions of mutation
 o - 2 potions of cancellation {unknown}
 p - 2 potions of curing {unknown}
 s - 3 potions of brilliance
 z - a potion of lignification {unknown}
 C - a potion of resistance {unknown}
 E - a potion of flight {unknown}


   Skills:
 + Level 6.1 Fighting
 + Level 1.0 Short Blades
 + Level 7.9 Axes
 + Level 0.5 Ranged Weapons
 + Level 1.3 Throwing
 + Level 4.6 Armour
 + Level 4.9 Dodging
 + Level 6.5 Stealth
 + Level 3.6 Spellcasting
 + Level 6.0 Ice Magic


You had 9 spell levels left.
You knew the following spells:

 Your Spells              Type           Power      Damage    Failure   Level
a - Freeze                Ice            88%        1d10      9%          1
b - Frozen Ramparts       Ice            44%        1d7       24%         3
c - Ozocubu's Armour      Ice            22%        N/A       24%         3

Your spell library contained the following spells:

 Spells                   Type           Power      Damage    Failure   Level
 Beastly Appendage        Tmut           4%         N/A       71%         1
 Necrotise                Necr           8%         1d4       71%         1
 Sandblast                Erth           4%         2d4       71%         1
 Passwall                 Tmut/Erth      1%         N/A       83%         2
 Wereblood                Tmut           2%         N/A       83%         2
 Hailstorm                Conj/Ice       12%        3d5       96%         4
 Gell's Gravitas          Tloc           2%         N/A       97%         3
 Spider Form              Tmut/Pois      2%         N/A       97%         3
 Stone Arrow              Conj/Erth      4%         3d7       97%         3
 Teleport Other           Tloc           2%         N/A       97%         3
 Vampiric Draining        Necr           2%         2d6       97%         3
 Anguish                  Hex/Necr       1%         N/A       100%        4
 Cause Fear               Hex            1%         N/A       100%        4
 Iskenderun's Mystic Bla  Conj/Tloc      2%         2d3       100%        4
 Agony                    Necr           2%         N/A       100%        5
 Freezing Cloud           Conj/Ice/Air   4%         6-21      100%        5
 Dispersal                Tloc           1%         N/A       100%        6
 Dragon Form              Tmut           1%         N/A       100%        7
 Enfeeble                 Hex            1%         N/A       100%        7
 Malign Gateway           Summ/Tloc      1%         N/A       100%        7
 Dragon's Call            Summ           1%         N/A       100%        9


Dungeon Overview and Level Annotations

Branches:
Dungeon (8/15)             Temple (0/1) D:7         Ossuary (visited)
 Bailey (1/1)
   Lair: D:8-11

Altars:
Cheibriados
Fedhas
Hepliaklqana
Kikubaaqudgha
Nemelex Xobeh
Vehumet
Yredelemnul

Shops:
D:6 ?

Annotations:
D:5 1 runed translucent door


Innate Abilities, Weirdness & Mutations

Your life essence is reduced to manifest your ancestor. (-10% HP)
((You are very nimble when in or above water. (Stealth+, EV+, Speed+++)))
Your lower body shifts to a powerful aquatic tail in water.
Your body sometimes deteriorates upon taking damage.


Message History

Confirm with . or Enter, or press ? or * to list all spells.
Casting: Frozen Ramparts (dangerous; 24% risk of failure)
Press: ? - help, Dir - look around, f - activate An open gate, spattered with blood.
The walls around you are covered in ice.
The wall freezes the orc knight but does no damage.
The orc knight misses you.
The wall freezes the orc knight but does no damage.
The wall freezes the orc warrior but does no damage.
You are too injured to fight recklessly!
Okay, then.
Throw: 13 darts (poison)
Press: ? - help, Q - select action, (/) - cycle Shift-Dir - straight line, f - orc knight
Aim: an orc knight, wielding a +0 halberd and wearing a +0 plate armour (heavily wounded, strong, ally target, 62% to hit)
You throw a poisoned dart. The poisoned dart hits the orc knight.
The orc knight is heavily wounded.
Porpoise points at the orc knight and mumbles some strange words.
The stone arrow hits the orc knight but does no damage.
Throw: 12 darts (poison)
Press: ? - help, Q - select action, (/) - cycle Shift-Dir - straight line, f/p - orc knight
Aim: an orc knight, wielding a +0 halberd and wearing a +0 plate armour (heavily wounded, strong, ally target, 62% to hit)
You throw a poisoned dart.
The poisoned dart barely misses the orc knight.
The poisoned dart hits the orc knight.
The orc knight looks even sicker.
The orc knight is moderately wounded.
The wall freezes the orc knight but does no damage.
The orc knight hits you from afar with a +0 halberd!!
* * * LOW HITPOINT WARNING * * *
The wall freezes the orc warrior!
The wall freezes the orc knight.
Porpoise closely misses the orc knight.
You feel much better.
Throw: 11 darts (poison)
Press: ? - help, Q - select action, (/) - cycle Shift-Dir - straight line, f/p - orc knight
Aim: an orc knight, wielding a +0 halberd and wearing a +0 plate armour (heavily wounded, strong, ally target, 62% to hit)
You throw a poisoned dart. The poisoned dart hits the orc knight.
The orc knight is poisoned.
The orc knight is heavily wounded.
The wall freezes the orc knight.
The orc knight hits you from afar with a +0 halberd!!
You die...

...≈≈≈≈≈.................≈≈≈≈≈...
..≈≈###≈≈...............≈≈###≈≈..
..≈##.##≈...............≈##.##≈..
..≈#..)))..................))#≈..
..≈##.∩#≈...............≈#∩)##≈..
..≈≈#.##≈....#######....≈##.#≈≈..
...≈≈.≈≈≈....##....##...≈≈≈.≈≈...
.............##.....##...........
.........R...##'@'#..##..........
.........##..##R)∩##..#..........
.........##.####o####.##.........
.........##.'.#oo.#.'.##.........
.........##.###._.###.##.........
.........##.'.#!()#)'.##.........
.........##.#########.##.........
..........#..##.#)##..#..........
..........##..#'#R#..##..........


You could see the friendly porpoise the battlemage, 2 orc knights and an orc
warrior (strong).

Vanquished Creatures
  Maggie (D:6)
  A wyvern (D:7)
  A vampire mosquito (D:5)
  Menkaure (Ossuary)
  A water moccasin (D:7)
  4 orc warriors (Bailey)
  3 ice beasts
  An ogre (D:4)
  A centaur (D:7)
  A necrophage (D:6)
  10 scorpions
  3 wights (D:4)
  5 killer bees
  6 hounds
  A jelly (D:6)
  An orc priest (D:4)
  Terence (D:3)
  An iguana (D:5)
  3 mummies (Ossuary)
  3 gnolls (D:7)
  5 adders
  A shadow imp (D:6)
  2 white imps
  2 dart slugs
  17 orcs
  7 endoplasms
  19 giant cockroaches
  4 gnoll zombies (Ossuary)
  10 goblins
  10 hobgoblins
  4 jackals
  2 quokkas
  5 ball pythons
  6 bats
  3 frilled lizards
  3 gnoll skeletons (Ossuary)
  A goblin skeleton (Ossuary)
  2 goblin zombies (Ossuary)
  4 hobgoblin skeletons (Ossuary)
  4 hobgoblin zombies (Ossuary)
  12 kobolds
  3 kobold skeletons (Ossuary)
  A kobold zombie (Ossuary)
  2 orc zombies (Ossuary)
  5 rats
  4 rat skeletons (Ossuary)
  3 rat zombies (Ossuary)
  A butterfly (D:5)
191 creatures vanquished.

Vanquished Creatures (collateral kills)
  An orc knight (Bailey)
  A hornet (D:7)
  Grinder (D:6)
  An acid dragon (D:8)
  A sky beast (D:7)
  3 orc warriors
  An ogre (D:6)
  A centaur (D:8)
  2 scorpions
  2 killer bees (D:8)
  A hound (D:7)
  An iguana (D:7)
  A gnoll (D:7)
  A worm zombie (D:6)
  7 orcs
  A gnoll zombie (Ossuary)
  2 goblins (D:8)
  A goblin skeleton (Ossuary)
  A hobgoblin skeleton (Ossuary)
  2 hobgoblin zombies (Ossuary)
  4 kobold skeletons (Ossuary)
  2 kobold zombies (Ossuary)
  3 orc skeletons (Ossuary)
  A rat skeleton (Ossuary)
  4 rat zombies (Ossuary)
46 creatures vanquished.

Vanquished Creatures (others)
  A battlemage (Bailey)
1 creature vanquished.

Grand Total: 238 creatures vanquished

Notes
Turn   | Place    | Note
-------+----------+-------------------------------------------
     0 | D:1      | xian the Merfolk Ice Elementalist began the quest for the
                  | Orb.
     0 | D:1      | Reached XP level 1. HP: 13/13 MP: 3/3
   241 | D:1      | Reached XP level 2. HP: 18/19 MP: 0/5
   354 | D:1      | Found a faded altar of an unknown god.
   849 | D:1      | Reached skill level 5 in Ice Magic
   940 | D:1      | Reached XP level 3. HP: 23/24 MP: 3/6
   965 | D:1      | Learned a level 3 spell: Frozen Ramparts
  1756 | D:2      | Identified the +8 hand axe of the Pariah {spect, Contam
                  | +Blink rF++ Str+2}
  2456 | D:2      | Reached XP level 4. HP: 30/30 MP: 7/7
  3119 | D:3      | Noticed a scorpion
  3126 | D:3      | Killed a scorpion
  3127 | D:3      | Reached XP level 5. HP: 26/36 MP: 9/9
  3286 | D:3      | Noticed Terence
  3291 | D:3      | Killed Terence
  3292 | D:3      | Reached skill level 1 in Short Blades
  3928 | D:3      | Reached skill level 1 in Armour
  4089 | D:4      | Found a basalt altar of Yredelemnul.
  4093 | D:4      | Found a radiant altar of Vehumet.
  4097 | D:4      | Found a hazy altar of Hepliaklqana.
  4124 | D:4      | Became a worshipper of Hepliaklqana the Forgotten
  4213 | D:4      | Reached skill level 1 in Fighting
  4213 | D:4      | Reached XP level 6. HP: 44/44 MP: 10/10
  4234 | D:4      | Reached skill level 1 in Axes
  4595 | D:4      | Reached skill level 2 in Axes
  4595 | D:4      | Reached XP level 7. HP: 40/51 MP: 11/11
  4927 | D:5      | Entered Level 5 of the Dungeon
  4935 | D:5      | Reached * piety under Hepliaklqana
  5232 | D:5      | Identified the +4 sling of Gluttony {flame, Str+3}
  5254 | D:5      | Gained mutation: Your body sometimes deteriorates upon
                  | taking damage. [mutagenic glow]
  5618 | D:5      | Reached skill level 3 in Axes
  5656 | D:5      | Found a runed translucent door.
  5658 | D:5      | Found a runed translucent door.
  5658 | D:5      | Noticed a vampire mosquito
  5664 | D:5      | Learned a level 3 spell: Ozocubu's Armour
  5672 | D:5      | Reached XP level 8. HP: 32/51 MP: 6/12
  5681 | D:5      | Reached skill level 4 in Axes
  5681 | D:5      | Reached skill level 5 in Stealth
  6074 | D:6      | Found Kiriqy's Magic Scroll Shoppe.
  6116 | D:6      | Reached ** piety under Hepliaklqana
  6127 | D:6      | Remembered your ancestor porpoise as a battlemage
  6144 | D:6      | Found a sand-covered staircase.
  6177 | Ossuary  | Entered an ossuary
  6405 | Ossuary  | Noticed Menkaure
  6418 | Ossuary  | Killed Menkaure
  6419 | Ossuary  | Reached skill level 5 in Axes
  6599 | D:6      | Reached XP level 9. HP: 58/58 MP: 14/14
  6608 | D:6      | Got Qofeomipp's Omnibus of Geometric Cold
  6663 | D:6      | Noticed Grinder
  6671 | D:6      | Killed Grinder
  6957 | D:6      | Noticed Maggie
  6968 | D:6      | Killed Maggie
  6969 | D:6      | Reached skill level 6 in Axes
  7199 | D:6      | Bought a scroll of identify for 28 gold pieces
  7263 | D:7      | Noticed a hornet
  7269 | D:7      | Killed a hornet
  7270 | D:7      | Reached skill level 5 in Fighting
  7402 | D:7      | Found a sparkling altar of Nemelex Xobeh.
  7403 | D:7      | Found an ancient bone altar of Kikubaaqudgha.
  7403 | D:7      | Found a blossoming altar of Fedhas.
  7404 | D:7      | Found a snail-covered altar of Cheibriados.
  7436 | D:7      | Found a staircase to the Ecumenical Temple.
  7636 | D:7      | Identified a scroll of acquirement
  7637 | D:7      | Acquired 1062 gold pieces
  7687 | D:7      | Reached skill level 7 in Axes
  7908 | D:7      | Reached XP level 10. HP: 66/66 MP: 15/15
  8533 | D:8      | Reached skill level 1 in Throwing
  8542 | D:8      | HP: 1/68 [acid dragon/splash of acid (34)]
  8552 | D:8      | Reached *** piety under Hepliaklqana
  8781 | D:8      | Found a flagged portal.
  8787 | Bailey   | Entered a bailey
  9353 | Bailey   | Noticed an orc knight
  9353 | Bailey   | Noticed an orc knight
  9353 | Bailey   | Noticed an orc knight
  9363 | Bailey   | Killed an orc knight
  9371 | Bailey   | Slain by an orc knight

Illustrated notes

Levels and vault maps discovered:
D:1:      lightli_arrival_chessboard, layout_loops_corners,
          shapermc_ecumenical_altar_ellora, chequers_serial_rivers_room_a,
          minmay_tripent
D:2:      minmay_roachtagon, layout_basic, minmay_pentomino_s4
D:3:      layout_basic, uniq_terence
D:4:      layout_gridville, grunt_temple_overflow_diamond, feat_on_display
D:5:      lemuel_insect_pit, layout_gridville, hangedman_minor_gate_pass
D:6:      layout_basic, serial_shops, nicolae_inconvenience_store,
          enter_ossuary_3, uniq_maggie, uniq_grinder
D:7:      layout_cave_pods, chequers_temple_overflow_statue_of_worship,
          minmay_temple_entry_stoned_glass
D:8:      layout_basic, dreamdust_divine_triumvirate, amcnicky_altar_gilded,
          dpeg_oklobed_lair, enter_bailey_3, uniq_gastronok
Bailey:   bailey_polearm_2, bailey

Skill      XL: |  1  2  3  4  5  6  7  8  9 10 |
---------------+-------------------------------+-----
Ice Magic      | 5 6 |  6.0
Dodging        | 3 4 |  4.9
Stealth        | 3 4 5 6 |  6.5
Spellcasting   | 3 |  3.6
Short Blades   | 1 |  1.0
Armour         | 1 2 3 4 |  4.6
Fighting       | 1 2 3 5 6 |  6.1
Axes           | 2 3 5 7 |  7.9
Throwing       | 1 |  1.3
Ranged Weapons | |  0.5

Action                   |  1- 3 |  4- 6 |  7- 9 | 10-12 || total
-------------------------+-------+-------+-------+-------++-------
Melee: Dagger            |    16 |       |       |       ||    16
       Hand axe          |    11 |    49 |   159 |    48 ||   267
       Tailslap          |       |       |       |     1 ||     1
 Fire: Sling             |       |       |     3 |       ||     3
Throw: Dart              |       |       |     4 |    11 ||    15
 Cast: Freeze            |    44 |       |       |       ||    44
       Frozen Ramparts   |     2 |       |     2 |     2 ||     6
       Ozocubu's Armour  |       |       |     1 |     1 ||     2
Invok: Ancestor Identity |       |       |     1 |       ||     1
       Ancestor Life: Ba |       |       |     1 |       ||     1
  Use: Scroll            |       |     5 |     8 |       ||    13
       Potion            |       |       |     1 |     4 ||     5
 Stab: Sleeping          |     2 |     4 |       |     3 ||     9
       Distracted        |       |     1 |     4 |       ||     5
Armor: Robe              |     3 |       |       |       ||     3
       Leather armour    |    18 |    12 |       |       ||    30
       Plate armour      |       |     2 |     8 |       ||    10
       Fire dragon scale |       |       |    28 |    21 ||    49
Dodge: Dodged            |    60 |    21 |    78 |    70 ||   229
